 Dungeon Crawl Stone Soup version 0.25-a0-80-g9b55229ae5 (webtiles) character file.

Game seed: 10357787865927744269, levelgen mode: deterministic

12432 MrRokkomies the Fighter (level 11, -6/89 HPs)
             Began as a Gnoll Wanderer on Nov 7, 2019.
             Was an Elder of Cheibriados.
             Mangled by a minotaur
             ... wielding a +1 short sword of speed
              (20 damage)
             ... in a Gauntlet.
             The game lasted 00:48:01 (10191 turns).

MrRokkomies the Fighter (Gnoll Wanderer)           Turns: 10191, Time: 00:48:02

Health: -6/89      AC: 13    Str: 31    XL:     11   Next: 93%
Magic:  20/20      EV: 19    Int: 30    God:    Cheibriados [****..]
Gold:   580        SH:  0    Dex: 26    Spells: 14/23 levels left

rFire    + . .     SeeInvis .   a - +4 scimitar (flame)
rCold    . . .     Gourm    .   (no shield)
rNeg     . . .     Faith    .   y - +0 plate armour
rPois    +         Spirit   .   (no helmet)
rElec    .         Reflect  .   l - +2 cloak {rPois}
rCorr    .         Harm     .   (no gloves)
MR       .....     NoTele   +   (no boots)
Stlth    +.........             (no amulet)
HPRegen  0.24/turn              n - ring of protection from fire
MPRegen  0.17/turn              A - ring "Daenafen" {AC+2 Int+4}

@: mighty, agile, very slow
A: distributed training, fangs 1, [blurry vision 2], [clumsy 2], [deformed
body], strong nose
a: Bend Time, Temporal Distortion, Slouch, Renounce Religion


You were in a Gauntlet.
You worshipped Cheibriados.
Cheibriados was greatly pleased with you.
You were not hungry.

You visited 2 branches of the dungeon, and saw 13 of its levels.
You also visited: Gauntlet.

You collected 580 gold pieces.

Inventory:

Hand Weapons
 a - a +4 scimitar of flaming (weapon)
 b - a +1 hand crossbow of freezing
 f - a +2 mace of holy wrath
Missiles
 c - 152 bolts
 q - 27 poisoned darts (quivered)
Armour
 l - a +2 cloak of poison resistance (worn)
 o - a +0 cloak
 y - a +0 plate armour (worn)
Magical Staves
 z - an uncursed staff of conjuration
Jewellery
 i - an uncursed ring of poison resistance
 n - a ring of protection from fire (left hand)
 v - an uncursed ring of protection from fire
 A - the ring "Daenafen" (right hand) {AC+2 Int+4}
   (You found it in a Gauntlet)

   [ring of protection]

   It affects your AC (+2).
   It affects your intelligence (+4).
 B - an uncursed ring of resist corrosion
Wands
 s - a wand of paralysis (15)
 x - a wand of iceblast (22)
Scrolls
 d - 2 scrolls of remove curse
 k - 4 scrolls of enchant armour
 p - a scroll of enchant weapon
 u - 3 scrolls of magic mapping
 C - a scroll of teleportation
Potions
 e - 5 potions of lignification
 h - 2 potions of might
 j - 2 potions of brilliance
 w - a potion of magic
 D - a potion of mutation
Comestibles
 g - 26 rations


   Skills:
 + Level 9.4 Fighting
 + Level 6.6 Short Blades
 + Level 6.6 Long Blades
 + Level 6.6 Axes
 + Level 6.6 Maces & Flails
 + Level 7.2 Polearms
 + Level 6.6 Staves
 + Level 6.6 Slings
 + Level 6.6 Bows
 + Level 8.1 Crossbows
 + Level 6.6 Throwing
 + Level 6.6 Armour
 + Level 7.2 Dodging
 + Level 7.9 Stealth
 + Level 6.6 Shields
 + Level 6.6 Unarmed Combat
 + Level 6.6 Spellcasting
 + Level 5.5 Conjurations
 + Level 5.5 Hexes
 + Level 5.5 Charms
 + Level 5.5 Summonings
 + Level 5.5 Necromancy
 + Level 5.5 Translocations
 + Level 5.5 Transmutations
 + Level 5.5 Fire Magic
 + Level 5.5 Ice Magic
 + Level 5.5 Air Magic
 + Level 5.5 Earth Magic
 + Level 5.5 Poison Magic
 + Level 7.3 Invocations
 + Level 7.2 Evocations


You had 14 spell levels left.
You knew the following spells:

 Your Spells              Type           Power        Failure   Level  Hunger
a - Call Canine Familiar  Summ           #####...     12%         3    None
b - Summon Ice Beast      Ice/Summ       #####...     38%         4    ##.....
c - Blink                 Tloc           N/A          6%          2    None

Your spell library contained the following spells:

 Spells                   Type           Power        Failure   Level  Hunger
 Apportation              Tloc           #####.       4%          1    None
 Magic Dart               Conj           ####         4%          1    None
 Summon Small Mammal      Summ           ####         4%          1    None
 Call Imp                 Summ           #####...     6%          2    None
 Slow                     Hex            #####...     6%          2    None
 Conjure Flame            Conj/Fire      #####...     12%         3    None
 Mephitic Cloud           Conj/Pois/Air  #####...     12%         3    None
 Recall                   Summ/Tloc      N/A          12%         3    None
 Summon Guardian Golem    Hex/Summ       #####...     12%         3    None
 Summon Lightning Spire   Summ/Air       #####...     38%         4    ##.....
 Bolt of Magma            Conj/Fire/Erth #####.....   75%         5    #####..
 Iskenderun's Battlesphe  Conj/Chrm      #####...     75%         5    #####..
 Venom Bolt               Conj/Pois      #####.....   75%         5    #####..
 Iron Shot                Conj/Erth      #####.....   99%         6    ######.
 Orb of Destruction       Conj           #####.....   100%        7    #######
 Spellforged Servitor     Conj/Summ      #####.....   100%        7    #######
 Summon Hydra             Summ           #####.....   100%        7    #######


Dungeon Overview and Level Annotations

Branches:
Dungeon (12/15)            Temple (1/1) D:5             Orc (0/2) D:9
Gauntlet (1/1)
   Lair: D:8-11

Altars:
Ashenzari
Cheibriados
Dithmenos
Elyvilon
Fedhas
Gozag
Hepliaklqana
Kikubaaqudgha
Makhleb
Nemelex Xobeh
Okawaru
Qazlal
Ru
Sif Muna
Trog
Uskayaw
Vehumet
Wu Jian
Xom
Yredelemnul
Zin
The Shining One

Shops:
D:4 (

Annotations:
D:2 Sigmund
D:11 Erolcha Gauntlet 8 transporters


Innate Abilities, Weirdness & Mutations

Your experience applies equally to all skills.
You have very sharp teeth.
Your uncanny sense of smell can sniff out nearby items.
[Scrolls take you longer to read.]
[You are very clumsy. (Dex -4)]
[Armour fits poorly on your strangely shaped body.]


Message History

There is an open door, spattered with blood here.
Casting: Blink (safe; 6% risk of failure)
Confirm with . or Enter, or press ? or * to list all spells.
You blink.
You feel better.
You start resting.
The minotaur is too close now for your liking.
The minotaur completely misses you.
You riposte.
You slash the minotaur! You burn the minotaur.
The minotaur is moderately wounded.
The minotaur gores you!
* * * LOW HITPOINT WARNING * * *
The minotaur hits you with a +1 short sword of speed!
* * * LOW HITPOINT WARNING * * *
The minotaur misses you. The minotaur barely misses you.
The minotaur misses you.
You slash the minotaur! You burn the minotaur.
The minotaur is heavily wounded.
The minotaur hits you with a +1 short sword of speed!!
You die...

..###########...............#####
..............8.....8.....8......
8......8.........................
..............#≈#########≈#.§....
≈#≈#≈#≈#≈#≈#≈####.......####≈#§#§
################..8.8.8..########
##...©.©.©...## #.............#
###@###.###.### ###H###.###.##
#.............# #.###.###.###.#
#.###.###.###.# #......(......#
#######'####### #.....# ###.###


You could see a minotaur.

Vanquished Creatures
  A thrashing horror (Gauntlet)
  A wretched star (Gauntlet)
  2 ugly things
  A deep elf mage (D:12)
  A manticore (D:10)
  Joseph (D:7)
  2 trolls (D:9)
  A hippogriff (D:10)
  A human (D:9)
  A shadow (D:9)
  3 hogs (D:9)
  A wyvern (D:8)
  9 yaks
  A neqoxec (Gauntlet)
  Grum (D:8)
  A steam dragon (D:7)
  A hungry ghost (D:7)
  A soldier ant (D:10)
  3 water moccasins
  5 ice beasts
  2 orc warriors
  2 sky beasts
  Purgy (D:4)
  3 phantoms
  4 ogres
  A necrophage (D:5)
  A crocodile (D:10)
  2 wolves (D:7)
  5 centaurs
  A gnoll sergeant (D:5)
  4 small abominations (Gauntlet)
  4 bullfrogs
  4 scorpions
  5 wights (D:12)
  4 howler monkeys
  2 crimson imps
  2 centaur zombies
  4 hounds
  6 orc priests
  A jelly (D:10)
  A gnoll shaman (D:4)
  3 centaur skeletons
  3 iguanas
  Natasha (twice) (D:3)
  4 worker ants
  8 orc wizards
  3 hound skeletons
  A worker ant zombie (D:3)
  6 adders
  11 gnolls
  2 shadow imps
  An ooze (D:4)
  2 adder skeletons
  An adder zombie (D:3)
  3 worms
  5 dart slugs
  A leopard gecko (D:1)
  33 orcs
  10 bats
  7 giant cockroaches
  9 hobgoblins
  14 jackals
  2 quokkas
  5 ball pythons
  4 frilled lizards
  12 goblins
  A jackal skeleton (D:6)
  2 jackal zombies
  6 kobolds
  A leopard gecko skeleton (D:3)
  2 leopard gecko zombies (D:3)
  A quokka zombie (D:3)
  10 rats
272 creatures vanquished.

Vanquished Creatures (collateral kills)
  Erica (D:8)
  A yak (D:10)
  A sky beast (D:8)
  A wolf (D:8)
  A wyvern skeleton (D:8)
  An orc wizard (D:8)
  A gnoll (D:8)
  A leopard gecko (D:8)
8 creatures vanquished.

Vanquished Creatures (others)
  An orc (D:8)
  2 plants (Gauntlet)
3 creatures vanquished.

Grand Total: 283 creatures vanquished

Notes
Turn   | Place    | Note
-------+----------+-------------------------------------------
     0 | D:1      | MrRokkomies the Gnoll Wanderer began the quest for the Orb.
     0 | D:1      | MrRokkomies set off with the following items: a +2 spear, a
                  | +0 hand crossbow, 28 bolts, a potion of curing, a +0 robe,
                  | a +0 dagger, a ration
     0 | D:1      | Reached XP level 1. HP: 23/23 MP: 2/2
    80 | D:1      | Reached XP level 2. HP: 7/29 MP: 3/3
   560 | D:1      | Reached XP level 3. HP: 23/35 MP: 4/4
   922 | D:2      | Reached skill level 1 in Invocations
  1000 | D:2      | Found a stormy altar of Qazlal.
  1017 | D:2      | Noticed Sigmund
  1530 | D:2      | Reached skill level 1 in Short Blades
  1530 | D:2      | Reached skill level 1 in Long Blades
  1530 | D:2      | Reached skill level 1 in Axes
  1530 | D:2      | Reached skill level 1 in Maces & Flails
  1530 | D:2      | Reached skill level 1 in Staves
  1530 | D:2      | Reached skill level 1 in Slings
  1530 | D:2      | Reached skill level 1 in Bows
  1530 | D:2      | Reached skill level 1 in Throwing
  1530 | D:2      | Reached skill level 1 in Armour
  1530 | D:2      | Reached skill level 1 in Shields
  1530 | D:2      | Reached skill level 1 in Unarmed Combat
  1530 | D:2      | Reached skill level 1 in Spellcasting
  1535 | D:2      | Reached XP level 4. HP: 38/41 MP: 4/6
  1566 | D:2      | Found an opulent altar of Gozag.
  1800 | D:3      | Reached skill level 1 in Conjurations
  1800 | D:3      | Reached skill level 1 in Hexes
  1800 | D:3      | Reached skill level 1 in Charms
  1800 | D:3      | Reached skill level 1 in Summonings
  1800 | D:3      | Reached skill level 1 in Necromancy
  1800 | D:3      | Reached skill level 1 in Translocations
  1800 | D:3      | Reached skill level 1 in Transmutations
  1800 | D:3      | Reached skill level 1 in Fire Magic
  1800 | D:3      | Reached skill level 1 in Ice Magic
  1800 | D:3      | Reached skill level 1 in Air Magic
  1800 | D:3      | Reached skill level 1 in Earth Magic
  1800 | D:3      | Reached skill level 1 in Poison Magic
  1957 | D:3      | Reached XP level 5. HP: 40/47 MP: 7/7
  1971 | D:3      | Noticed an ice beast
  1976 | D:3      | Noticed Natasha
  1986 | D:3      | Killed an ice beast
  1986 | D:3      | Reached XP level 6. HP: 49/53 MP: 8/8
  1992 | D:3      | Killed Natasha
  2236 | D:3      | Reached skill level 5 in Crossbows
  2455 | D:3      | Noticed Natasha
  2479 | D:3      | Killed Natasha
  2686 | D:4      | Reached XP level 7. HP: 30/59 MP: 10/10
  2860 | D:4      | Reached skill level 7 in Fighting
  2978 | D:4      | Found a white marble altar of Elyvilon.
  3008 | D:4      | Noticed Purgy
  3014 | D:4      | Killed Purgy
  3055 | D:4      | Found Soiteuf's Weapon Boutique.
  3188 | D:4      | Found an ancient bone altar of Kikubaaqudgha.
  3394 | D:5      | Entered Level 5 of the Dungeon
  3475 | D:5      | Reached skill level 5 in Stealth
  3646 | D:5      | Found a staircase to the Ecumenical Temple.
  3660 | Temple   | Entered the Ecumenical Temple
  3718 | Temple   | Became a worshipper of Cheibriados the Contemplative
  3831 | D:5      | Reached XP level 8. HP: 51/67 MP: 12/12
  4108 | D:5      | Found a shimmering blue altar of Sif Muna.
  4113 | D:5      | Learned a level 3 spell: Call Canine Familiar
  4389 | D:6      | Reached * piety under Cheibriados
  4960 | D:7      | Noticed Joseph
  4987 | D:7      | HP: 1/67 [Joseph/+0 quarterstaff (6)]
  4989 | D:7      | Killed Joseph
  4989 | D:7      | Reached XP level 9. HP: 8/72 MP: 14/14
  5146 | D:7      | Reached ** piety under Cheibriados
  5429 | D:7      | Found a shimmering altar of Xom.
  5670 | D:7      | Reached skill level 5 in Polearms
  5670 | D:7      | Reached skill level 5 in Dodging
  5670 | D:7      | Reached skill level 5 in Evocations
  6012 | D:7      | Learned a level 4 spell: Summon Ice Beast
  6065 | D:8      | Noticed Grum
  6076 | D:7      | Reached skill level 8 in Fighting
  6209 | D:8      | Killed Grum
  6209 | D:8      | Reached skill level 5 in Invocations
  6432 | D:8      | Reached XP level 10. HP: 45/80 MP: 9/17
  6499 | D:8      | Noticed Erica
  6531 | D:8      | Killed Erica
  6589 | D:8      | Reached skill level 5 in Short Blades
  6589 | D:8      | Reached skill level 5 in Long Blades
  6589 | D:8      | Reached skill level 5 in Axes
  6589 | D:8      | Reached skill level 5 in Maces & Flails
  6589 | D:8      | Reached skill level 5 in Staves
  6589 | D:8      | Reached skill level 5 in Slings
  6589 | D:8      | Reached skill level 5 in Bows
  6589 | D:8      | Reached skill level 5 in Throwing
  6589 | D:8      | Reached skill level 5 in Armour
  6589 | D:8      | Reached skill level 5 in Shields
  6589 | D:8      | Reached skill level 5 in Unarmed Combat
  6589 | D:8      | Reached skill level 5 in Spellcasting
  6744 | D:8      | Reached *** piety under Cheibriados
  7221 | D:9      | Found a shadowy altar of Dithmenos.
  7235 | D:9      | Learned a level 2 spell: Blink
  7540 | D:9      | Found a staircase to the Orcish Mines.
  7669 | D:9      | Identified the Volume of Supportive Orientation
  7679 | D:9      | Found a shattered altar of Ashenzari.
  7705 | D:9      | Found a blossoming altar of Fedhas.
  7803 | D:9      | Reached **** piety under Cheibriados
  8291 | D:9      | Reached XP level 11. HP: 87/87 MP: 19/19
  8349 | D:10     | Entered Level 10 of the Dungeon
  8628 | D:10     | Noticed a manticore
  8641 | D:10     | Killed a manticore
  8812 | D:10     | Reached skill level 9 in Fighting
  8815 | D:10     | Reached ***** piety under Cheibriados
  8837 | D:10     | Reached skill level 5 in Conjurations
  8837 | D:10     | Reached skill level 5 in Hexes
  8837 | D:10     | Reached skill level 5 in Charms
  8837 | D:10     | Reached skill level 5 in Summonings
  8837 | D:10     | Reached skill level 5 in Necromancy
  8837 | D:10     | Reached skill level 5 in Translocations
  8837 | D:10     | Reached skill level 5 in Transmutations
  8837 | D:10     | Reached skill level 5 in Fire Magic
  8837 | D:10     | Reached skill level 5 in Ice Magic
  8837 | D:10     | Reached skill level 5 in Air Magic
  8837 | D:10     | Reached skill level 5 in Earth Magic
  8837 | D:10     | Reached skill level 5 in Poison Magic
  9258 | D:11     | Noticed a cyan ugly thing
  9279 | D:10     | Killed a cyan ugly thing
  9539 | D:11     | Noticed a death yak
  9572 | D:11     | Noticed a white ugly thing
  9572 | D:11     | Noticed a death yak
  9637 | D:11     | Noticed Erolcha
  9641 | D:11     | Killed a white ugly thing
  9827 | D:12     | Found a gate leading to a gauntlet.
  9828 | D:12     | Noticed a deep elf mage
  9843 | D:12     | Killed a deep elf mage
  9855 | Gauntlet | Entered a Gauntlet
  9855 | Gauntlet | Found a transporter.
  9855 | Gauntlet | Noticed a purple ugly thing
  9861 | Gauntlet | Noticed a death scarab
  9862 | Gauntlet | Noticed a death scarab
  9864 | Gauntlet | Found a transporter.
  9881 | Gauntlet | Found a transporter.
  9884 | Gauntlet | Found a transporter.
  9887 | Gauntlet | Noticed a spectral death yak
  9894 | Gauntlet | Found a transporter.
  9907 | Gauntlet | Noticed a catoblepas
  9915 | Gauntlet | Found a transporter.
  9915 | Gauntlet | Noticed a wretched star
  9928 | Gauntlet | Found a transporter.
  9933 | Gauntlet | Noticed a death ooze
  9948 | Gauntlet | Found a transporter.
  9952 | Gauntlet | Found a transporter.
  9954 | Gauntlet | Noticed a great orb of eyes
  9960 | Gauntlet | Found a transporter.
  9977 | Gauntlet | Noticed a thrashing horror
  9988 | Gauntlet | Found a transporter.
  9988 | Gauntlet | Found a transporter.
 10076 | Gauntlet | Killed a thrashing horror
 10113 | Gauntlet | Killed a wretched star
 10124 | Gauntlet | Got a clouded brass ring
 10162 | Gauntlet | Identified the ring "Daenafen" {AC+2 Int+4} (You found it
                  | in a Gauntlet)
 10175 | Gauntlet | Noticed a minotaur
 10191 | Gauntlet | Mangled by a minotaur

Levels and vault maps discovered:
D:1:      minmay_arrival_checkered_box, layout_basic, minmay_shallow_snake_nest
D:2:      layout_basic, grunt_qazlal_clouds, lemuel_doored_altar,
          minmay_circle_x, uniq_sigmund
D:3:      layout_basic, serial_undead, serial_undead_f, serial_undead_b,
          serial_undead_c, serial_undead_d, serial_undead_b, serial_undead_b,
          serial_undead_c, uniq_natasha
D:4:      layout_basic, kennysheep_little_box, kennysheep_mini_moat,
          serial_shops, nicolae_shop_trees, uniq_purgy
D:5:      layout_cave_pools, lemuel_blue_sif_altar,
          minmay_temple_entry_statues_fountains, first_ration
D:6:      corexii_shack_village, layout_rooms
D:7:      layout_basic, xom_teletrap_fun, uniq_joseph
D:8:      layout_rooms, hangedman_abyss_or_decor_stabs, uniq_grum, uniq_erica
D:9:      layout_irregular_city, nicolae_overflow_crystal_walls, minitemple,
          orc_0_dummy, grunt_livestock
D:10:     layout_long_grid
D:11:     minmay_the_grid_triangle_9x9_rhombus_full
          [minmay_the_grid_triangle_9x9_sparse_checkered,
          minmay_the_grid_triangle_9x9_alien,
          minmay_the_grid_triangle_9x9_swiss_cheese,
          minmay_the_grid_triangle_9x9_minimal,
          minmay_the_grid_triangle_9x9_stretched_checkered,
          minmay_the_grid_triangle_9x9_corruption,
          minmay_the_grid_triangle_9x9_sprig,
          minmay_the_grid_triangle_9x9_prize_special], layout_rooms,
          dpeg_lair_monsters, hangedman_tree_tricks, uniq_urug, uniq_erolcha
D:12:     layout_stronghold, gauntlet_entry_generic, minmay_misc_feat_five
Temple:   cyrus_circular_temple
Gauntlet: minmay_gauntlet_mixed_oops_all_seconds
          [minmay_gauntlet_arena_77_broken_ladder,
          nicolae_gauntlet_arena_quarters,
          minmay_gauntlet_arena_77_double_cross, gammafunk_gauntlet_arena_mazey,
          minmay_gauntlet_arena_77_chump_sandwich,
          gammafunk_gauntlet_arena_spirals, gauntlet_exit_watery]

Skill      XL: |  1  2  3  4  5  6  7  8  9 10 11 |
---------------+----------------------------------+-----
Invocations    | 1 2 3 4 5 6 7 |  7.3
Short Blades   | 1 2 3 4 5 6 |  6.6
Long Blades    | 1 2 3 4 5 6 |  6.6
Axes           | 1 2 3 4 5 6 |  6.6
Maces & Flails | 1 2 3 4 5 6 |  6.6
Staves         | 1 2 3 4 5 6 |  6.6
Slings         | 1 2 3 4 5 6 |  6.6
Bows           | 1 2 3 4 5 6 |  6.6
Throwing       | 1 2 3 4 5 6 |  6.6
Armour         | 1 2 3 4 5 6 |  6.6
Shields        | 1 2 3 4 5 6 |  6.6
Unarmed Combat | 1 2 3 4 5 6 |  6.6
Spellcasting   | 1 2 3 4 5 6 |  6.6
Conjurations   | 1 2 3 4 5 |  5.5
Hexes          | 1 2 3 4 5 |  5.5
Charms         | 1 2 3 4 5 |  5.5
Summonings     | 1 2 3 4 5 |  5.5
Necromancy     | 1 2 3 4 5 |  5.5
Translocations | 1 2 3 4 5 |  5.5
Transmutations | 1 2 3 4 5 |  5.5
Fire Magic     | 1 2 3 4 5 |  5.5
Ice Magic      | 1 2 3 4 5 |  5.5
Air Magic      | 1 2 3 4 5 |  5.5
Earth Magic    | 1 2 3 4 5 |  5.5
Poison Magic   | 1 2 3 4 5 |  5.5
Polearms       | 3 4 5 6 7 |  7.2
Dodging        | 3 4 5 6 7 |  7.2
Evocations     | 3 4 5 6 7 |  7.2
Crossbows      | 5 6 7 8 |  8.1
Fighting       | 7 8 9 |  9.4
Stealth        | 5 6 7 |  7.9

Action                   |  1- 3 |  4- 6 |  7- 9 | 10-12 || total
-------------------------+-------+-------+-------+-------++-------
Melee: Spear             |    33 |       |   348 |     6 ||   387
       Bite              |    12 |    27 |    71 |    63 ||   173
       Dagger            |    75 |   256 |   171 |       ||   502
       Punch             |       |     1 |    10 |     8 ||    19
       Scimitar          |       |       |       |   287 ||   287
 Fire: Hand crossbow     |     2 |       |     7 |     5 ||    14
Throw: Dart              |       |     4 |    33 |    27 ||    64
 Cast: Call Canine Famil |       |       |     4 |     5 ||     9
       Summon Ice Beast  |       |       |     2 |     2 ||     4
       Blink             |       |       |       |     4 ||     4
Invok: Bend Time         |       |       |     1 |       ||     1
       Slouch            |       |       |       |     3 ||     3
Evoke: Wand              |       |       |     4 |     9 ||    13
  Use: Scroll            |     5 |       |    10 |     8 ||    23
       Potion            |     1 |     1 |     7 |     9 ||    18
 Stab: Sleeping          |     7 |     4 |     9 |     1 ||    21
       Distracted        |       |       |     6 |       ||     6
       Paralysed         |       |       |       |     8 ||     8
  Eat: Chunk             |     1 |     3 |    13 |     6 ||    23
       Ration            |       |       |       |     1 ||     1
Armor: Robe              |     3 |       |       |       ||     3
       Ring mail         |     5 |    70 |    13 |       ||    88
       Troll leather arm |       |       |    82 |     2 ||    84
       Plate armour      |       |       |       |   186 ||   186
Dodge: Dodged            |    36 |   142 |   307 |   204 ||   689
       Rpst.: Scimitar   |       |       |       |    52 ||    52

Table legend:
 A = Non-vault XP
 B = Vault XP
 C = Vault XP percentage of total XP
 D = Non-vault monster count
 E = Vault monster count
 F = Vault count percentage of total count
                 A         B        C        D         E       F
            +---------+---------+-------+---------+---------+-------
      Total |   12380 |    5380 |  30.3 |     234 |      46 |  16.4
            +---------+---------+-------+---------+---------+-------
        D:1 |      39 |       4 |   9.3 |      19 |       3 |  13.6
        D:2 |      60 |      11 |  15.5 |      22 |       4 |  15.4
        D:3 |     225 |     166 |  42.5 |      26 |      12 |  31.6
        D:4 |     349 |     124 |  26.2 |      17 |       1 |   5.6
        D:5 |     558 |       0 |   0.0 |      21 |       0 |   0.0
        D:6 |     343 |      14 |   3.9 |      12 |       7 |  36.8
        D:7 |    1415 |     686 |  32.7 |      22 |       3 |  12.0
        D:8 |    1496 |    1007 |  40.2 |      29 |       3 |   9.4
        D:9 |    2064 |    1007 |  32.8 |      24 |       5 |  17.2
       D:10 |    4146 |       0 |   0.0 |      32 |       0 |   0.0
       D:11 |     607 |       1 |   0.2 |       1 |       1 |  50.0
       D:12 |    1078 |       0 |   0.0 |       9 |       0 |   0.0
   Gauntlet |       0 |    2360 | 100.0 |       0 |       7 | 100.0
            +---------+---------+-------+---------+---------+-------
